PCL
DISTRICT 9 PRAWNS @ LANSING LUGNUTS
06/20/2023
 
TOP OF THE 1ST
District 9 Prawns batting - Pitching for Lansing Lugnuts : LHP Ryosei Takeda
Pitching: LHP Ryosei Takeda
Batting: LHB Enrique Nalasco 0-0: Called Strike
0-1: Ball
1-1: Ball
2-1: Foul Ball, location: 2F
2-2: Strikes out swinging
Batting: RHB Alfredo Cortéz 0-0: Ball
1-0: Called Strike
1-1: Swinging Strike
1-2: Ball
2-2: Foul Ball, location: 2F
2-2: Ball
3-2: Strikes out swinging
Batting: LHB Leland Hardy 0-0: Swinging Strike
0-1: Ball
1-1: Swinging Strike
1-2: Ground out 3-1 (Groundball, 34S)
Top of the 1st over - 0 run(s), 0 hit(s), 0 error(s), 0 left on base; District 9 0 - Lansing 0
BOTTOM OF THE 1ST
Lansing Lugnuts batting - Pitching for District 9 Prawns : LHP David Jackson
Pitching: LHP David Jackson
Batting: LHB Jeffrey Satterley 0-0: Ball
1-0: Foul Ball, location: 2F
1-1: Swinging Strike
1-2: Ground out 4-3 (Groundball, 4)
Batting: RHB Júlio Caraballo 0-0: Fly out, F9 (Flyball, 9LD)
Batting: RHB Gilberto López 0-0: Ball
1-0: Ball
2-0: Ball
3-0: Base on Balls
Batting: LHB Lewis Barr 0-0: Ball
Gilberto López steals 2nd base
1-0: Foul Ball, location: 2F
1-1: Foul Ball, location: 2F
1-2: SINGLE (Groundball, 56)
Gilberto López to third
Runner from 3rd tries for Home, throw and OUT!
Bottom of the 1st over - 0 run(s), 1 hit(s), 0 error(s), 1 left on base; District 9 0 - Lansing 0
TOP OF THE 2ND
District 9 Prawns batting - Pitching for Lansing Lugnuts : LHP Ryosei Takeda
Batting: LHB Ryan Hensley 0-0: Called Strike
0-1: Ball
1-1: Ball
2-1: Called Strike
2-2: Strikes out swinging
Batting: RHB Mal Snyder 0-0: Called Strike
0-1: Ball
1-1: Ball
2-1: Called Strike
2-2: Foul Ball, location: 2F
2-2: Foul Ball, location: 2F
2-2: Ball
3-2: Base on Balls
Batting: RHB Lúcio García 0-0: Ball
1-0: Ball
2-0: Called Strike
2-1: Ball
3-1: Base on Balls
Mal Snyder to second
Batting: RHB Bill Beck 0-0: Ball
1-0: Grounds into double play, 6-4-3 (Groundball, 6)
Top of the 2nd over - 0 run(s), 0 hit(s), 0 error(s), 1 left on base; District 9 0 - Lansing 0
BOTTOM OF THE 2ND
Lansing Lugnuts batting - Pitching for District 9 Prawns : LHP David Jackson
Batting: RHB Jeff Packard 0-0: Ball
1-0: Called Strike
1-1: Ground out 6-3 (Groundball, 6M)
Batting: LHB Damon Mitchell 0-0: Called Strike
0-1: Called Strike
0-2: Ball
1-2: Strikes out swinging
Batting: RHB Rafael González 0-0: Ball
1-0: SINGLE (Groundball, 6MD)
Batting: LHB Pedro Padilla 0-0: Ball
1-0: Ground out 5-3 (Groundball, 5S)
Bottom of the 2nd over - 0 run(s), 1 hit(s), 0 error(s), 1 left on base; District 9 0 - Lansing 0
TOP OF THE 3RD
District 9 Prawns batting - Pitching for Lansing Lugnuts : LHP Ryosei Takeda
Batting: RHB Manuel Cortéz 0-0: Ball
1-0: Swinging Strike
1-1: Ball
2-1: Called Strike
2-2: Ball
3-2: Strikes out swinging
Batting: SHB Mark Pope 0-0: Ball
1-0: Ball
2-0: Ball
3-0: Called Strike
3-1: Ground out 5-3 (Groundball, 56)
Batting: LHB Enrique Nalasco 0-0: Ball
1-0: Foul Ball, location: 2F
1-1: SINGLE (Line Drive, 4M)
Batting: RHB Alfredo Cortéz 0-0: Ball
1-0: SINGLE (Line Drive, 4MD)
Enrique Nalasco to second
Runner from 2nd tries for 3rd, OUT!
Top of the 3rd over - 0 run(s), 2 hit(s), 0 error(s), 1 left on base; District 9 0 - Lansing 0
BOTTOM OF THE 3RD
Lansing Lugnuts batting - Pitching for District 9 Prawns : LHP David Jackson
Batting: RHB Tony Reyes 0-0: Ground out 2-3 (Groundball, 23)
Batting: LHB Jeffrey Satterley 0-0: Ball
1-0: Ball
2-0: Called Strike
2-1: Foul Ball, location: 2F
2-2: Strikes out swinging
Batting: RHB Júlio Caraballo 0-0: Ball
1-0: Called Strike
1-1: Ground out 1-3 (Groundball, 23)
Bottom of the 3rd over - 0 run(s), 0 hit(s), 0 error(s), 0 left on base; District 9 0 - Lansing 0
TOP OF THE 4TH
District 9 Prawns batting - Pitching for Lansing Lugnuts : LHP Ryosei Takeda
Batting: LHB Leland Hardy 0-0: Called Strike
0-1: Called Strike
0-2: Foul Ball, location: 2F
0-2: Foul Ball, location: 2F
0-2: Strikes out looking
Batting: LHB Ryan Hensley 0-0: Ball
1-0: Ball
2-0: Ball
3-0: Base on Balls
Batting: RHB Mal Snyder 0-0: Called Strike
0-1: Ball
1-1: 2-RUN HOME RUN (Flyball, 89XD), Distance : 403 ft
Batting: RHB Lúcio García 0-0: Ball
1-0: Ball
2-0: Ball
3-0: Called Strike
3-1: Called Strike
3-2: Base on Balls
Batting: RHB Bill Beck 0-0: Called Strike
0-1: Called Strike
0-2: Foul Ball, location: 2F
0-2: Ball
1-2: Foul Ball, location: 2F
1-2: Strikes out swinging
Batting: RHB Manuel Cortéz 0-0: Called Strike
0-1: Ball
1-1: Ball
2-1: Ground out 5-3 (Groundball, 5L)
Top of the 4th over - 2 run(s), 1 hit(s), 0 error(s), 1 left on base; District 9 2 - Lansing 0
BOTTOM OF THE 4TH
Lansing Lugnuts batting - Pitching for District 9 Prawns : LHP David Jackson
Batting: RHB Gilberto López 0-0: Ball
1-0: Foul Ball, location: 2F
1-1: Ball
2-1: Ball
3-1: Swinging Strike
3-2: Foul Ball, location: 2F
3-2: Foul Ball, location: 2F
3-2: Base on Balls
Batting: LHB Lewis Barr 0-0: Ball
1-0: Called Strike
1-1: Foul Ball, location: 2F
1-2: Ball
2-2: Strikes out looking
Batting: RHB Jeff Packard 0-0: Ball
1-0: Fly out, F8 (Flyball, 8LD)
Batting: LHB Damon Mitchell 0-0: Called Strike
0-1: Ground out 4-3 (Groundball, 4)
Bottom of the 4th over - 0 run(s), 0 hit(s), 0 error(s), 1 left on base; District 9 2 - Lansing 0
TOP OF THE 5TH
District 9 Prawns batting - Pitching for Lansing Lugnuts : LHP Ryosei Takeda
Pitching: RHP Bob Newton
Batting: SHB Mark Pope 0-0: Ball
1-0: Ball
2-0: Swinging Strike
2-1: Foul Ball, location: 2F
2-2: Ball
3-2: Base on Balls
Batting: LHB Enrique Nalasco 0-0: Called Strike
0-1: Ball
1-1: Ball
2-1: Foul Ball, location: 2F
2-2: Ball
3-2: Fielders Choice at 2nd, 1-4 (Groundball, 13S)
Batting: RHB Alfredo Cortéz 0-0: Ball
Enrique Nalasco steals 2nd base
1-0: DOUBLE (Line Drive, 5L)
Enrique Nalasco scores
Batting: LHB Leland Hardy 0-0: Ball
1-0: Swinging Strike
1-1: Foul Ball, location: 2F
1-2: Ball
2-2: Fly out, F9 (Flyball, 9S)
Batting: LHB Ryan Hensley 0-0: Called Strike
0-1: Swinging Strike
0-2: Ball
1-2: Ball
2-2: Foul Ball, location: 2F
2-2: Strikes out swinging
Top of the 5th over - 1 run(s), 1 hit(s), 0 error(s), 1 left on base; District 9 3 - Lansing 0
BOTTOM OF THE 5TH
Lansing Lugnuts batting - Pitching for District 9 Prawns : LHP David Jackson
Batting: RHB Rafael González 0-0: Ground out 6-3 (Groundball, 6M)
Batting: LHB Pedro Padilla 0-0: Called Strike
0-1: SINGLE (Line Drive, 89M)
Batting: RHB Tony Reyes 0-0: Called Strike
0-1: Ball
1-1: Foul Ball, location: 2F
1-2: Ball
2-2: Strikes out swinging
Batting: LHB Jeffrey Satterley 0-0: Ball
1-0: Ball
2-0: Foul Ball, location: 2F
2-1: Fly out, F6 (Popup, 6MD)
Bottom of the 5th over - 0 run(s), 1 hit(s), 0 error(s), 1 left on base; District 9 3 - Lansing 0
TOP OF THE 6TH
District 9 Prawns batting - Pitching for Lansing Lugnuts : RHP Bob Newton
Pitching: RHP Juan Álvarez
Batting: RHB Mal Snyder 0-0: Called Strike
0-1: Foul Ball, location: 2F
0-2: Ball
1-2: Fly out, F7 (Flyball, 78D)
Batting: RHB Lúcio García 0-0: Fly out, F8 (Flyball, 8LXD)
Batting: RHB Bill Beck 0-0: SINGLE (Groundball, 6MD)
Batting: RHB Manuel Cortéz 0-0: Ball
1-0: Ball
2-0: Called Strike
2-1: DOUBLE (Popup, 78S)
Bill Beck to third
Runner from 3rd tries for Home, SAFE, no throw or cutoff
Batting: SHB Mark Pope 0-0: Ball
1-0: Called Strike
1-1: DOUBLE (Groundball, 3L)
Manuel Cortéz scores
Batting: LHB Enrique Nalasco 0-0: Called Strike
0-1: Ground out U3 (Groundball, 3)
Top of the 6th over - 2 run(s), 3 hit(s), 0 error(s), 1 left on base; District 9 5 - Lansing 0
BOTTOM OF THE 6TH
Lansing Lugnuts batting - Pitching for District 9 Prawns : LHP David Jackson
Batting: RHB Júlio Caraballo 0-0: Called Strike
0-1: Fly out, F8 (Flyball, 8RD)
Batting: RHB Gilberto López 0-0: Ground out 4-3 (Groundball, 4)
Batting: LHB Lewis Barr 0-0: Ball
1-0: Foul Ball, location: 2F
1-1: DOUBLE (Line Drive, 8LXD)
Batting: RHB Jeff Packard 0-0: Called Strike
0-1: Ball
1-1: Fly out, F1 (Line Drive, 13)
Bottom of the 6th over - 0 run(s), 1 hit(s), 0 error(s), 1 left on base; District 9 5 - Lansing 0
TOP OF THE 7TH
District 9 Prawns batting - Pitching for Lansing Lugnuts : RHP Juan Álvarez
Batting: RHB Alfredo Cortéz 0-0: Ball
1-0: Ground out U3 (Groundball, 3)
Batting: LHB Leland Hardy 0-0: Foul Ball, location: 2F
0-1: Swinging Strike
0-2: Strikes out swinging
Batting: LHB Ryan Hensley 0-0: Ball
1-0: Foul Ball, location: 2F
1-1: Foul Ball, location: 2F
1-2: Foul Ball, location: 2F
1-2: SOLO HOME RUN (Flyball, 78XD), Distance : 421 ft
Batting: RHB Mal Snyder 0-0: DOUBLE (Line Drive, 78M)
Pitching: RHP David Ramos
Batting: RHB Lúcio García 0-0: Called Strike
0-1: Ball
1-1: Ground out 5-3 (Groundball, 5)
Top of the 7th over - 1 run(s), 2 hit(s), 0 error(s), 1 left on base; District 9 6 - Lansing 0
BOTTOM OF THE 7TH
Lansing Lugnuts batting - Pitching for District 9 Prawns : LHP David Jackson
Batting: LHB Damon Mitchell 0-0: Ball
1-0: Fly out, F3 (Line Drive, 3S)
Batting: RHB Rafael González 0-0: Called Strike
0-1: Ball
1-1: Called Strike
1-2: Fly out, F3 (Popup, 3F)
Batting: LHB Pedro Padilla 0-0: Foul Ball, location: 2F
0-1: Foul Ball, location: 2F
0-2: Foul Ball, location: 2F
0-2: Ball
1-2: Ball
2-2: Foul Ball, location: 2F
2-2: Ball
3-2: Ground out 5-3 (Groundball, 56S)
Bottom of the 7th over - 0 run(s), 0 hit(s), 0 error(s), 0 left on base; District 9 6 - Lansing 0
TOP OF THE 8TH
District 9 Prawns batting - Pitching for Lansing Lugnuts : RHP David Ramos
Batting: RHB Bill Beck 0-0: Ball
1-0: Called Strike
1-1: Ball
2-1: Foul Ball, location: 2F
2-2: Strikes out looking
Batting: RHB Manuel Cortéz 0-0: Fly out, F8 (Flyball, 8LM)
Batting: SHB Mark Pope 0-0: Called Strike
0-1: Fly out, F5 (Popup, 6)
Top of the 8th over - 0 run(s), 0 hit(s), 0 error(s), 0 left on base; District 9 6 - Lansing 0
BOTTOM OF THE 8TH
Lansing Lugnuts batting - Pitching for District 9 Prawns : LHP David Jackson
Batting: RHB Tony Reyes 0-0: Ball
1-0: Fly out, F8 (Flyball, 78M)
Batting: LHB Jeffrey Satterley 0-0: Ball
1-0: Ground out 4-3 (Groundball, 4)
Batting: RHB Júlio Caraballo 0-0: Called Strike
0-1: SOLO HOME RUN (Flyball, 7D), Distance : 414 ft
Batting: RHB Gilberto López 0-0: Ball
1-0: Ball
2-0: Ball
3-0: Called Strike
3-1: Ground out 5-3 (Groundball, 56)
Bottom of the 8th over - 1 run(s), 1 hit(s), 0 error(s), 0 left on base; District 9 6 - Lansing 1
TOP OF THE 9TH
District 9 Prawns batting - Pitching for Lansing Lugnuts : RHP David Ramos
Batting: LHB Enrique Nalasco 0-0: Ball
1-0: Ball
2-0: Ball
3-0: Base on Balls
Batting: RHB Alfredo Cortéz 0-0: Ball
1-0: Ball
2-0: Ball
3-0: Called Strike
3-1: Sac Bunt - play at first, batter OUT! 1-4
Enrique Nalasco to second
Pitching: RHP Miguel Ramírez
Batting: LHB Leland Hardy 0-0: Called Strike
0-1: Called Strike
0-2: Foul Ball, location: 2F
0-2: Ball
1-2: Strikes out swinging
Batting: LHB Ryan Hensley 0-0: Ball
1-0: Ground out 4-3 (Groundball, 34)
Top of the 9th over - 0 run(s), 0 hit(s), 0 error(s), 1 left on base; District 9 6 - Lansing 1
BOTTOM OF THE 9TH
Lansing Lugnuts batting - Pitching for District 9 Prawns : LHP David Jackson
Pitching: RHP Eric Love
Now at C: José Contreras
Batting: LHB Lewis Barr 0-0: Ball
1-0: Ball
2-0: Called Strike
2-1: SOLO HOME RUN (Flyball, 89XD), Distance : 412 ft
Batting: RHB Jeff Packard 0-0: Swinging Strike
0-1: Ground out 6-3 (Groundball, 6M)
Batting: LHB Damon Mitchell 0-0: Called Strike
0-1: Ball
1-1: Ball
2-1: Foul Ball, location: 2F
2-2: Strikes out swinging
Batting: RHB Rafael González 0-0: Called Strike
0-1: Called Strike
0-2: Strikes out looking
Bottom of the 9th over - 1 run(s), 1 hit(s), 0 error(s), 0 left on base; District 9 6 - Lansing 2
This league is powered by Out of the Park Baseball, the baseball management simulation game for PC, Mac and Linux
Wednesday, December 2nd, 2015 - OOTP Baseball 16.8 Build 38